cohdb
Replays
Latest Replays
All Replays
Popular Replays
Top Player Replays
Match Explorer
How It Works
Community
CoH3 Stats
Reddit
Sign in to upload your games and track your stats! →
Sign in with Steam
Match 45516195
Unlisted
Match 45516195
Overview
Messages
Build Orders
End
Kettenkrad Recon Vehicle
Construct Infanterie Kompanie
Selects Mechanized Battlegroup
Selects Mechanized Battlegroup
MG 42 Machine Gun Team
Grenadier Squad
Grenadier Squad
Grenadier Squad
Construct Luftwaffe Kompanie
Selects Mobile Repair Stations
221 Scout Car
Medical Station
Selects Raid Package
Jäger Squad
chmod 777
Nick
Nomercu
ILuvSilicon
0
0
Comments
sign in to comment!
No comments posted yet!